 Dungeon Crawl Stone Soup version 0.30-a0-800-g7c544603b3 (webtiles) character file.

Game seed: 16704377936686625461

48 nv0k3 the Trooper (level 3, -1/33 HPs)
             Began as a Hill Orc Fighter on Feb 22, 2023.
             Slain by Natasha (5 damage)
             ... on level 2 of the Dungeon.
             The game lasted 00:12:08 (930 turns).

nv0k3 the Trooper (Hill Orc Fighter)                 Turns: 930, Time: 00:12:09

Health: -1/33      AC:  7    Str: 20    XL:     3   Next: 72%
Magic:  3/3        EV:  9    Int:  8    God:
Gold:   74         SH:  4    Dex: 10    Spells: 2/2 levels left

rFire   . . .      SeeInvis .    a - +0 war axe
rCold   . . .      Faith    .    c - +0 buckler
rNeg    . . .      Spirit   .    b - +0 scale mail
rPois   .          Reflect  .    (no helmet)
rElec   .          Harm     .    (no cloak)
rCorr   .          Rampage  .    (no gloves)
Will    .....                    (no boots) Stlth
                                 (no amulet)
HPRegen 0.25/turn                (no ring)
MPRegen 0.08/turn                (no ring)

@: no status effects
A: no striking features
a: no special abilities


You were on level 2 of the Dungeon.
You visited 1 branch of the dungeon, and saw 2 of its levels.

You collected 74 gold pieces.

Inventory:

Hand Weapons
 a - a +0 war axe (weapon)
Armour
 b - a +0 scale mail (worn)
 c - a +0 buckler (worn)
Jewellery
 e - a ring of fire
Scrolls
 g - a scroll of amnesia {unknown}
 h - a scroll of poison {unknown}
 l - a scroll of immolation {unknown}
Potions
 d - a potion of might
 f - a potion of lignification {unknown}
 i - a potion of attraction {unknown}
 j - 3 potions of curing
 k - 2 potions of ambrosia
 m - a potion of resistance {unknown}


   Skills:
 + Level 4.1 Fighting
 + Level 3.6 Axes
 + Level 4.0 Armour
 + Level 0.1 Dodging
 + Level 3.4 Shields


You had 2 spell levels left.
You didn't know any spells.
Your spell library was empty.

Dungeon Overview and Level Annotations

Branches:
Dungeon (2/15)

Altars:

Annotations:
D:2 Natasha


Message History

You shout for attention!
There is an open door here.
Found a stone staircase leading up.
m - a fuming black potion What are your orders? t - Shout!
Orders for allies: a - Attack new target. r - Retreat! s - Stop attacking. g - Guard the area. f - Follow me.
Anything else - Cancel.
You shout for attention!
Natasha, Servant of Life and Death comes into view.
Natasha stares at you and mumbles some strange words.
You resist with significant effort.
You see here 9 gold pieces.
You barely miss Natasha. Natasha claws you.
You barely miss Natasha. Natasha claws you but does no damage.
Natasha claws you.
You hit Natasha.
Natasha is moderately wounded.
Natasha claws you!
You closely miss Natasha.
Natasha is moderately wounded.
Natasha closely misses you.
You hit Natasha.
Natasha is severely wounded.
Natasha claws you. Natasha casts a spell at you. The magic dart hits you.
You closely miss Natasha.
Natasha is severely wounded.
Natasha claws you.
You are too injured to fight recklessly!
You are too injured to fight recklessly!
You barely miss Natasha.
Natasha is severely wounded.
Natasha claws you!
* * * LOW HITPOINT WARNING * * *
Natasha claws you.
You die...

.. #. ...#.
...#.###########..
.........h@.......
..<.....$.######...
#.........#
..........#
..........#
..........#
..........#
..........#
..........#


You could see Natasha.

Vanquished Creatures
  Natasha (D:2)
  A dart slug (D:1)
  5 bats
  An endoplasm (D:1)
  A goblin (D:1)
  3 hobgoblins (D:1)
  A quokka (D:1)
  3 ball pythons
  5 rats (D:1)
21 creatures vanquished.

Notes
Turn   | Place    | Note
-------+----------+-------------------------------------------
     0 | D:1      | nv0k3 the Hill Orc Fighter began the quest for the Orb.
     0 | D:1      | Reached XP level 1. HP: 19/19 MP: 1/1
   236 | D:1      | Reached XP level 2. HP: 21/27 MP: 2/2
   829 | D:2      | Reached XP level 3. HP: 33/33 MP: 3/3
   858 | D:2      | Noticed Natasha
   877 | D:2      | Killed Natasha
   911 | D:2      | Noticed Natasha
   930 | D:2      | Slain by Natasha

Illustrated notes

Levels and vault maps discovered:
D:1:      minmay_arrival_jagged, layout_basic, corexii_leaking_fountain
D:2:      layout_basic, basic_altar, minmay_fractal_squares_5, uniq_natasha,
          uniq_terence

Skill      XL: |  1  2  3 |
---------------+----------+-----
Axes           | 3 |  3.6
Fighting       | 4 |  4.1
Armour         | 4 |  4.0
Dodging        | |  0.1
Shields        | |  3.4

Action                     || total
---------------------------++-------
  Melee: War axe           ||    68
    Use: Scroll            ||     2
 Armour: Scale mail        ||    35
  Dodge: Dodged            ||    36
  Block: Buckler           ||    10

Table legend: (Time is in decaauts)
 A = Elapsed time spent in this place.
 B = Non-inter-level travel time spent in this place.
 C = Inter-level travel time spent in this place.
 D = Time resting spent in this place.
 E = Time spent auto-exploring this place.
 F = Levels seen in this place.
 G = Mean time per level.
                   A        B        C        D        E       F      G
               +--------+--------+--------+--------+--------+-----+--------+
         Total |    962 |    909 |     53 |     80 |    527 |   2 |  481.0 |
       Dungeon |    962 |    909 |     53 |     80 |    527 |   2 |  481.0 |
               +--------+--------+--------+--------+--------+-----+--------+

Top non-repeatable levels by time:
     D:1: 793 daAuts
     D:2: 169 daAuts
